 Dungeon Crawl Stone Soup version 0.30-a0-354-g6b83867211 (webtiles) character file.

Game seed: 18433082403001106240

7620 billz999 the Skirmisher (level 11, -1/77 HPs)
             Began as a Gnoll Hunter on Nov 7, 2022.
             Was a Priest of Kikubaaqudgha.
             Slain by an elephant (15 damage)
             ... on level 1 of the Lair of Beasts on Nov 8, 2022.
             The game lasted 00:23:24 (9280 turns).

billz999 the Skirmisher (Gnoll Hunter)              Turns: 9280, Time: 00:23:25

Health: -1/77      AC: 10    Str: 10 (11) XL:     11   Next: 18%
Magic:  20/20      EV: 22    Int: 12 (13) God:    Kikubaaqudgha [***...]
Gold:   354        SH: 12    Dex: 26      Spells: 17/22 levels left

rFire   . . .      SeeInvis .    F - +9 trident of Demand {freeze, Contam Int+5}
rCold   . . .      Faith    .    M - +0 buckler
rNeg    . . .      Spirit   .    c - +1 leather armour
rPois   .          Reflect  +    z - +0 helmet
rElec   .          Harm     .    O - +0 cloak
rCorr   .          Rampage  .    (no gloves)
Will    .....                    L - +0 pair of boots
Stlth   ++++......               Q - amulet of reflection
HPRegen 0.32/turn                C - +6 ring of dexterity
MPRegen 0.17/turn                E - +4 ring of evasion

@: no status effects
A: fangs 1, strong nose, distributed training, iridescent scales 1, frail 1
a: Renounce Religion, Unearth Wretches


You were on level 1 of the Lair of Beasts.
You worshipped Kikubaaqudgha.
Kikubaaqudgha was most pleased with you.
You visited 3 branches of the dungeon, and saw 12 of its levels.

You collected 586 gold pieces.
You spent 232 gold pieces at shops.

Inventory:

Hand Weapons
 a - a +0 shortbow
 l - a +3 dagger of protection
 F - the +9 trident of Demand (weapon) {freeze, Contam Int+5}
   (You bought it in a shop on level 5 of the Dungeon)

   It freezes those it strikes, dealing additional cold damage.
   It can also slow down cold-blooded creatures.
   Int:       It affects your intelligence (+5).
   Contam:    It causes magical contamination when unequipped.
 G - a +0 arbalest
Missiles
 x - 2 silver boomerangs (quivered)
Armour
 c - a +1 leather armour (worn)
 z - a +0 helmet (worn)
 L - a +0 pair of boots (worn)
 M - a +0 buckler (worn)
 O - a +0 cloak (worn)
 P - the +1 plate armour of the Monkey's Uncle {Str+4}
   (You found it on level 8 of the Dungeon)

   Str:       It affects your strength (+4).
 T - an orb of energy
Jewellery
 d - an amulet of magic regeneration
 k - a ring of protection from fire
 q - a ring of see invisible
 C - a +6 ring of dexterity (left hand)
 E - a +4 ring of evasion (right hand)
 J - a ring of wizardry
 Q - an amulet of reflection (around neck)
Wands
 g - a wand of mindburst (4)
 j - a wand of digging (3)
 R - a wand of polymorph (3)
Scrolls
 b - a scroll of immolation
 f - 2 scrolls of amnesia
 h - 8 scrolls of identify
 i - 2 scrolls of enchant weapon
 o - 4 scrolls of noise
 p - 7 scrolls of vulnerability
 r - a scroll of magic mapping
 w - a scroll of fear {unknown}
 y - 2 scrolls of butterflies {unknown}
 K - a scroll of silence {unknown}
 S - a scroll of poison {unknown}
Potions
 e - a potion of curing
 n - 2 potions of magic
 t - 2 potions of degeneration
 A - a potion of brilliance
 B - a potion of attraction


   Skills:
 + Level 7.8 Fighting
 + Level 6.2 Short Blades
 + Level 6.2 Long Blades
 + Level 6.2 Axes
 + Level 6.2 Maces & Flails
 + Level 6.2 Polearms
 + Level 6.2 Staves
 + Level 10.6 Ranged Weapons
 + Level 6.2 Throwing
 + Level 6.2 Armour
 + Level 7.8 Dodging
 + Level 6.7 Stealth
 + Level 6.2 Shields
 + Level 6.2 Unarmed Combat
 + Level 6.2 Spellcasting
 + Level 5.2 Conjurations
 + Level 5.2 Hexes
 + Level 5.2 Summonings
 + Level 5.2 Necromancy
 + Level 5.2 Translocations
 + Level 5.2 Transmutations
 + Level 5.2 Fire Magic
 + Level 5.2 Ice Magic
 + Level 5.2 Air Magic
 + Level 5.2 Earth Magic
 + Level 5.2 Poison Magic
 + Level 6.9 Invocations
 + Level 6.2 Evocations


You had 17 spell levels left.
You knew the following spells:

 Your Spells              Type           Power      Damage    Failure   Level
a - Borgnjor's Vile Clut  Necr/Erth      8%         N/A       67%         5

Your spell library contained the following spells:

 Spells                   Type           Power      Damage    Failure   Level
 Kiss of Death            Conj/Necr      64%        2d10      3%          1
 Necrotise                Necr           64%        1d7       3%          1
 Cigotuvi's Dreadful Rot  Necr/Pois/Air  32%        N/A       5%          2
 Sublimation of Blood     Necr           16%        N/A       5%          2
 Confusing Touch          Hex            16%        N/A       11%         3
 Inner Flame              Hex/Fire       16%        N/A       11%         3
 Vampiric Draining        Necr           16%        2d7       11%         3
 Animate Dead             Necr           16%        N/A       34%         4
 Dispel Undead            Necr           16%        3d10      34%         4
 Flame Wave               Conj/Fire      16%        2d7       34%         4
 Sticky Flame             Conj/Fire      16%        2d4       34%         4
 Agony                    Necr           16%        N/A       67%         5
 Death Channel            Necr           8%         N/A       99%         6
 Simulacrum               Ice/Necr       8%         N/A       99%         6


Dungeon Overview and Level Annotations

Branches:
Dungeon (10/15)            Temple (1/1) D:4            Lair (1/5) D:10
    Orc (0/2) D:9

Altars:
Ashenzari
Cheibriados
Dithmenos
Elyvilon
Fedhas
Gozag
Hepliaklqana
Kikubaaqudgha
Makhleb
Nemelex Xobeh
Okawaru
Qazlal
Ru
Sif Muna
Trog
Uskayaw
Vehumet
Wu Jian
Xom
Yredelemnul
Zin
The Shining One

Shops:
D:2 [   D:5 *[*(

Annotations:
D:6 exclusion: oklob plant
Lair:1 3 runed translucent doors, TwistedFlax's ghost, journeyman AtFi


Innate Abilities, Weirdness & Mutations

You have very sharp teeth.
Your uncanny sense of smell can sniff out nearby items.
Your experience applies equally to all skills.
You are partially covered in iridescent scales. (AC +2)
You are frail. (-10% HP)


Message History

The cane toad is heavily wounded.
You feel very sick.
You feel very sick.
The elephant trumpets!
You puncture the cane toad!
The cane toad seems to slow down.
You freeze the cane toad.
The cane toad is severely wounded.
You feel sick. The cane toad misses you.
You feel sick.
You hit the cane toad.
The cane toad seems to slow down.
You freeze the cane toad.
The cane toad is severely wounded.
You feel sick. You block the cane toad's attack.
The elephant attacks as you move away! The elephant misses you.
The elephant trunk-slaps you but does no damage.
You feel sick.
You feel sick.
You feel sick.
You feel sick.
You feel sick.
You are no longer poisoned.
The cane toad is no longer moving slowly.
The elephant attacks as you move away! You block the elephant's attack.
The elephant trunk-slaps you.
* * * LOW HITPOINT WARNING * * *
The elephant attacks as you move away! The elephant barely misses you.
You block the elephant's attack. The cane toad attacks as you move away!
You block the cane toad's attack. The elephant attacks as you move away!
The elephant tramples you but does no damage.
The elephant trunk-slaps you but does no damage.
You closely miss the cane toad.
The cane toad is severely wounded.
You block the cane toad's attack. You block the elephant's attack.
The elephant misses you. The cane toad misses you.
You barely miss the cane toad. You bite the cane toad.
The cane toad is severely wounded.
The elephant tramples you!
You die...
Kikubaaqudgha rasps: "You have failed me!
Welcome... death!"

##...# #### #...#
#P...#####..######...#
.....$...............#
.YY..................#
YY.Y.................#
#########.######.#...##
#### #### ####....#
####.P###.P####..#...##
............Y.YF@....#
..............YY.....#
.....................#
###...######P#####...#
# #...### ### #...#
###...#.##### #...#
............. ....#
............. ....
..............


You could see 4 elephants and a cane toad.

Vanquished Creatures
  A catoblepas (Lair:1)
  A two-headed ogre (D:9)
  A death yak (D:9)
  An elephant (Lair:1)
  A hornet (D:9)
  A shadow (D:5)
  A wraith (D:10)
  A wyvern (D:10)
  6 yaks (D:9)
  A neqoxec (D:10)
  A steam dragon (D:8)
  2 water moccasins
  2 orc warriors (D:10)
  3 black bears
  2 ogres
  2 centaurs
  A phantom (D:5)
  2 kobold brigands
  2 necrophages
  5 bullfrogs
  2 gnoll sergeants (D:5)
  5 scorpions
  6 wights
  3 howler monkeys (D:8)
  6 jellies
  4 hounds
  8 orc priests
  A gnoll bouda (D:6)
  5 iguanas
  6 orc wizards
  2 hell rats
  16 gnolls
  9 adders
  A white imp (D:8)
  An ufetubus (D:4)
  2 worms
  33 orcs
  6 ball pythons
  20 endoplasms
  4 giant cockroaches
  8 hobgoblins
  6 jackals
  16 kobolds
  4 quokkas
  3 bats
  3 frilled lizards
  9 goblins
  4 rats
230 creatures vanquished.

Vanquished Creatures (others)
  A demonic plant (D:10)
  8 fungi (D:6)
9 creatures vanquished.

Grand Total: 239 creatures vanquished

Notes
Turn   | Place    | Note
-------+----------+-------------------------------------------
     0 | D:1      | billz999 the Gnoll Hunter began the quest for the Orb.
     0 | D:1      | Reached XP level 1. HP: 20/20 MP: 1/1
   118 | D:1      | Reached XP level 2. HP: 26/26 MP: 2/2
   557 | D:1      | Reached XP level 3. HP: 31/31 MP: 3/3
   787 | D:2      | Found Esoesh's Antique Armour Emporium.
   905 | D:2      | Reached skill level 1 in Invocations
  1073 | D:2      | Found an ornate altar of the Wu Jian Council.
  1149 | D:2      | Reached skill level 1 in Short Blades
  1149 | D:2      | Reached skill level 1 in Long Blades
  1149 | D:2      | Reached skill level 1 in Axes
  1149 | D:2      | Reached skill level 1 in Maces & Flails
  1149 | D:2      | Reached skill level 1 in Polearms
  1149 | D:2      | Reached skill level 1 in Staves
  1149 | D:2      | Reached skill level 1 in Throwing
  1149 | D:2      | Reached skill level 1 in Armour
  1149 | D:2      | Reached skill level 1 in Shields
  1149 | D:2      | Reached skill level 1 in Unarmed Combat
  1149 | D:2      | Reached skill level 1 in Spellcasting
  1149 | D:2      | Reached skill level 1 in Evocations
  1291 | D:2      | Reached XP level 4. HP: 37/38 MP: 5/5
  1728 | D:3      | Reached skill level 1 in Conjurations
  1728 | D:3      | Reached skill level 1 in Hexes
  1728 | D:3      | Reached skill level 1 in Summonings
  1728 | D:3      | Reached skill level 1 in Necromancy
  1728 | D:3      | Reached skill level 1 in Translocations
  1728 | D:3      | Reached skill level 1 in Transmutations
  1728 | D:3      | Reached skill level 1 in Fire Magic
  1728 | D:3      | Reached skill level 1 in Ice Magic
  1728 | D:3      | Reached skill level 1 in Air Magic
  1728 | D:3      | Reached skill level 1 in Earth Magic
  1728 | D:3      | Reached skill level 1 in Poison Magic
  1730 | D:3      | Reached XP level 5. HP: 43/43 MP: 5/7
  1759 | D:3      | Found a blossoming altar of Fedhas.
  1895 | D:3      | You fall into a shaft and drop 1 floor!
  1922 | D:4      | Noticed a black bear
  1940 | D:4      | Killed a black bear
  1941 | D:4      | Reached skill level 5 in Fighting
  1941 | D:4      | Reached skill level 5 in Dodging
  1941 | D:4      | Reached XP level 6. HP: 28/51 MP: 7/9
  2313 | D:4      | Found a staircase to the Ecumenical Temple.
  2337 | Temple   | Entered the Ecumenical Temple
  2430 | Temple   | Became a worshipper of Kikubaaqudgha
  2579 | D:4      | Reached XP level 7. HP: 56/56 MP: 10/10
  3004 | D:5      | Entered Level 5 of the Dungeon
  3148 | D:5      | Reached skill level 9 in Ranged Weapons
  3332 | D:5      | Reached XP level 8. HP: 63/63 MP: 12/12
  3773 | D:5      | Noticed a shadow
  3783 | D:5      | Killed a shadow
  3783 | D:5      | Reached * piety under Kikubaaqudgha
  3783 | D:5      | Received a gift from Kikubaaqudgha
  4455 | D:5      | Found Wotwil's General Store.
  4456 | D:5      | Found Raqeniw's General Store.
  4456 | D:5      | Found Illy's Armour Boutique.
  4458 | D:5      | Found Keceiwneith's Antique Weapon Boutique.
  4468 | D:5      | Bought a slimy trident for 187 gold pieces
  4468 | D:5      | Identified the +9 trident of Demand {freeze, Contam Int+5}
                  | (You bought it in a shop on level 5 of the Dungeon)
  4471 | D:5      | Bought a +0 arbalest for 45 gold pieces
  5096 | D:6      | Reached XP level 9. HP: 25/69 MP: 14/14
  5099 | D:6      | HP: 1/69 [kobold brigand/+0 short sword (4)]
  5342 | D:6      | Noticed an oklob plant
  5674 | D:7      | Reached ** piety under Kikubaaqudgha
  5744 | D:7      | Found a shadowy altar of Dithmenos.
  5757 | D:7      | Reached skill level 5 in Stealth
  6096 | D:7      | Reached skill level 5 in Invocations
  7162 | D:8      | Found a broken altar of Ashenzari.
  7276 | D:8      | Identified the +1 plate armour of the Monkey's Uncle
                  | {Str+4}
  7431 | D:9      | Noticed a two-headed ogre
  7521 | D:9      | Reached skill level 5 in Short Blades
  7521 | D:9      | Reached skill level 5 in Long Blades
  7521 | D:9      | Reached skill level 5 in Axes
  7521 | D:9      | Reached skill level 5 in Maces & Flails
  7521 | D:9      | Reached skill level 5 in Polearms
  7521 | D:9      | Reached skill level 5 in Staves
  7521 | D:9      | Reached skill level 5 in Throwing
  7521 | D:9      | Reached skill level 5 in Armour
  7521 | D:9      | Reached skill level 5 in Shields
  7521 | D:9      | Reached skill level 5 in Unarmed Combat
  7521 | D:9      | Reached skill level 5 in Spellcasting
  7521 | D:9      | Reached skill level 5 in Evocations
  7521 | D:9      | Reached XP level 10. HP: 77/77 MP: 17/17
  7540 | D:9      | Reached skill level 10 in Ranged Weapons
  7857 | D:9      | Reached *** piety under Kikubaaqudgha
  7857 | D:9      | Received a gift from Kikubaaqudgha
  7864 | D:9      | Learned a level 5 spell: Borgnjor's Vile Clutch
  7999 | D:9      | Killed a two-headed ogre
  8064 | D:9      | Found a staircase to the Orcish Mines.
  8259 | D:9      | Found a burning altar of Makhleb.
  8392 | D:10     | Entered Level 10 of the Dungeon
  8394 | D:10     | Found a hazy altar of Hepliaklqana.
  8416 | D:10     | Noticed a death yak
  8418 | D:10     | Found a staircase to the Lair.
  8432 | D:10     | HP: 3/79 [death yak (14)]
  8468 | D:10     | Noticed a death yak
  8512 | D:10     | Noticed a death yak
  8588 | D:10     | Gained mutation: You sometimes lose your temper in combat.
                  | [a neqoxec]
  8812 | D:9      | Killed a death yak
  8813 | D:9      | Reached skill level 5 in Conjurations
  8813 | D:9      | Reached skill level 5 in Hexes
  8813 | D:9      | Reached skill level 5 in Summonings
  8813 | D:9      | Reached skill level 5 in Necromancy
  8813 | D:9      | Reached skill level 5 in Translocations
  8813 | D:9      | Reached skill level 5 in Transmutations
  8813 | D:9      | Reached skill level 5 in Fire Magic
  8813 | D:9      | Reached skill level 5 in Ice Magic
  8813 | D:9      | Reached skill level 5 in Air Magic
  8813 | D:9      | Reached skill level 5 in Earth Magic
  8813 | D:9      | Reached skill level 5 in Poison Magic
  8872 | Lair:1   | Entered Level 1 of the Lair of Beasts
  8948 | Lair:1   | Reached XP level 11. HP: 85/85 MP: 20/20
  8983 | Lair:1   | Lost mutation: You sometimes lose your temper in combat.
                  | [potion of mutation]
  8983 | Lair:1   | Gained mutation: You are frail. (-10% HP) [potion of
                  | mutation]
  8983 | Lair:1   | Gained mutation: You are partially covered in iridescent
                  | scales. (AC +2) [potion of mutation]
  9009 | Lair:1   | Noticed a catoblepas
  9028 | Lair:1   | Killed a catoblepas
  9133 | Lair:1   | Noticed TwistedFlax's ghost (journeyman AtFi)
  9133 | Lair:1   | Noticed an ice dragon
  9164 | Lair:1   | Found a runed translucent gate.
  9164 | Lair:1   | Found a runed translucent gate.
  9164 | Lair:1   | Found a runed translucent gate.
  9280 | Lair:1   | Slain by an elephant

Illustrated notes

Levels and vault maps discovered:
D:1:      dpeg_arrival_houses_and_road, layout_basic,
          ebering_dispersal_statue_hall
D:2:      layout_basic, serial_shops, nicolae_shop_stone, basic_altar
D:3:      layout_basic, fedhas_altar_2, serial_curves, eino_curves_01,
          eino_curves_02
D:4:      layout_cave_pods, minmay_temple_entry_water_ring, minmay_circle_x
D:5:      layout_cave_pods, minmay_shop_grid_forest
D:6:      lemuel_slime, layout_cave_pools
D:7:      layout_loops_ring, nicolae_dithmenos_the_darkroom,
          chequers_hall_statues_y, nicolae_zen_rock_garden, kennysheep_boxes
D:8:      layout_gridville, mainiacjoe_overflow_tiny_flanked
D:9:      layout_rooms, mainiacjoe_overflow_six_doors_small, orc_0_dummy
D:10:     layout_layer_cave, lemuel_crystal_altar, dpeg_lair_monsters,
          serial_demonic, serial_demonic_d, serial_demonic_d, serial_demonic_c,
          serial_demonic_b, minmay_misc_feat_roman,
          minmay_fractal_squares_diagonal_5
Temple:   minmay_temple_bridge_d
Lair:1:   layout_long_grid, gammafunk_ghost_icy

Skill      XL: |  1  2  3  4  5  6  7  8  9 10 |
---------------+-------------------------------+-----
Invocations    | 1 2 3 4 5 6 |  6.9
Short Blades   | 1 2 3 5 6 |  6.2
Long Blades    | 1 2 3 5 6 |  6.2
Axes           | 1 2 3 5 6 |  6.2
Maces & Flails | 1 2 3 5 6 |  6.2
Polearms       | 1 2 3 5 6 |  6.2
Staves         | 1 2 3 5 6 |  6.2
Throwing       | 1 2 3 5 6 |  6.2
Armour         | 1 2 3 5 6 |  6.2
Shields        | 1 2 3 5 6 |  6.2
Unarmed Combat | 1 2 3 5 6 |  6.2
Spellcasting   | 1 2 3 5 6 |  6.2
Evocations     | 1 2 3 5 6 |  6.2
Conjurations   | 1 2 3 4 5 |  5.2
Hexes          | 1 2 3 4 5 |  5.2
Summonings     | 1 2 3 4 5 |  5.2
Necromancy     | 1 2 3 4 5 |  5.2
Translocations | 1 2 3 4 5 |  5.2
Transmutations | 1 2 3 4 5 |  5.2
Fire Magic     | 1 2 3 4 5 |  5.2
Ice Magic      | 1 2 3 4 5 |  5.2
Air Magic      | 1 2 3 4 5 |  5.2
Earth Magic    | 1 2 3 4 5 |  5.2
Poison Magic   | 1 2 3 4 5 |  5.2
Fighting       | 5 6 7 |  7.8
Dodging        | 5 6 7 |  7.8
Stealth        | 3 4 5 6 |  6.7
Ranged Weapons | 9 10 | 10.6

Action                   |  1- 3 |  4- 6 |  7- 9 | 10-12 || total
-------------------------+-------+-------+-------+-------++-------
Melee: Dagger            |       |    17 |    56 |       ||    73
       Bite              |       |     2 |    25 |    22 ||    49
       Punch             |       |     1 |     4 |       ||     5
       Trident           |       |       |   204 |   120 ||   324
 Fire: Shortbow          |    92 |    49 |   146 |       ||   287
Throw: Boomerang         |       |       |     3 |       ||     3
Evoke: Wand              |       |     3 |     4 |    16 ||    23
  Use: Potion            |       |       |     2 |    16 ||    18
       Scroll            |       |       |       |     7 ||     7
 Stab: Sleeping          |       |     2 |     3 |     3 ||     8
       Distracted        |       |       |     1 |       ||     1
Armor: Leather armour    |     8 |    10 |    51 |    17 ||    86
Dodge: Dodged            |    14 |    26 |   220 |    92 ||   352
Block: Buckler           |       |       |     2 |    90 ||    92
       Reflection        |       |       |       |     5 ||     5

Table legend: (Time is in decaauts)
 A = Elapsed time spent in this place.
 B = Non-inter-level travel time spent in this place.
 C = Inter-level travel time spent in this place.
 D = Time resting spent in this place.
 E = Time spent auto-exploring this place.
 F = Levels seen in this place.
 G = Mean time per level.
                   A        B        C        D        E       F      G
               +--------+--------+--------+--------+--------+-----+--------+
         Total |   9294 |   8762 |    532 |   1161 |   5904 |  12 |  774.5 |
       Dungeon |   8709 |   8265 |    444 |   1123 |   5588 |  10 |  870.9 |
        Temple |    163 |     75 |     88 |      0 |     63 |   1 |  163.0 |
          Lair |    420 |    420 |      0 |     37 |    253 |   1 |  420.0 |
               +--------+--------+--------+--------+--------+-----+--------+

Top non-repeatable levels by time:
     D:5: 1288 daAuts
     D:4: 1283 daAuts
     D:8: 1166 daAuts
     D:7: 1121 daAuts
     D:2: 942 daAuts
     D:9: 857 daAuts
     D:1: 794 daAuts
     D:6: 590 daAuts
     D:3: 502 daAuts
  Lair:1: 420 daAuts
  Temple: 163 daAuts
    D:10: 163 daAuts
